 Dungeon Sprint DCSS version 0.31-a0-1612-g4aaf141004 (webtiles) character file.

Game seed: 10082141427554263374

2251 Conn the Arsonist (level 9, -6/55 HPs)
             Began as an Octopode Fire Elementalist on Jan 9, 2024.
             Was a Believer of Sif Muna.
             Shot with a bolt by a yaktaur (35 damage)
             ... in the Dungeon (Sprint II: "The Violet Keep of Menkaure").
             The game lasted 00:13:02 (1503 turns).

Conn the Arsonist (Octopode Fire Elementalist)      Turns: 1503, Time: 00:13:03

Health: -6/55      AC:  1    Str:  8    XL:     9   Next: 37%
Magic:  6/21       EV: 31    Int: 21    God:    Sif Muna [**....]
Gold:   407        SH:  0    Dex: 12    Spells: 7/24 levels left

rFire   + . .        h - staff of death
rCold   + . .        (no shield)
rNeg    + . .        (helmet restricted)
rPois   +            r - amulet of the acrobat
rElec   +            j - ring of wizardry
rCorr   +            (no ring)
SInv    .            (no ring)
Will    .....        (no ring)
Stlth   ++++         (no ring)
HPRegen 0.29/turn    (no ring)
MPRegen 0.17/turn    (no ring)
                     (no ring)

%: no teleportation, acrobat, wizardry (x1)
@: resistant, acrobatic
A: almost no armour, amphibious, 8 rings, camouflage 1, gelatinous body 1,
(nimble swimmer 1), tentacles
a: Renounce Religion, Channel Magic


You were in the Dungeon.
You worshipped Sif Muna.
Sif Muna was pleased with you.
You visited 1 branch You collected 597 gold pieces.
You spent 190 gold pieces at shops.

Inventory:

Magical Staves
 h - a staff of death (weapon)
 x - a staff of earth
Jewellery
 j - a ring of wizardry (left tentacle)
 r - an amulet of the acrobat (around mantle)
Scrolls
 f - 2 scrolls of blinking
 g - a scroll of enchant weapon
 i - a scroll of fog
 o - a scroll of immolation {unknown}
 q - a scroll of vulnerability {unknown}
 u - a scroll of amnesia {unknown}
 v - a scroll of enchant armour {unknown}
 w - a scroll of summoning {unknown}
Potions
 a - 6 potions of magic
 b - a potion of curing
 c - a potion of heal wounds
 e - a potion of lignification
 k - a potion of cancellation
 l - a potion of brilliance
 m - a potion of degeneration {unknown}
 p - 5 potions of enlightenment
 s - a potion of resistance


   Skills:
 + Level 2.3 Fighting
 + Level 7.7 Dodging
 - Level 6.0 Stealth
 - Level 1.3 Unarmed Combat
 + Level 8.1 Spellcasting
 * Level 9.7 Conjurations
 - Level 5.0 Hexes
 - Level 5.0 Summonings
 - Level 5.0 Translocations
 + Level 10.6 Fire Magic
 * Level 3.5 Invocations


You had 7 spell levels left.
You knew the following spells:

 Your Spells              Type           Power      Damage    Failure   Level
a - Foxfire               Conj/Fire      100%       2x1d9     1%          1
b - Scorch                Fire           100%       2d9       1%          2
c - Inner Flame           Hex/Fire       41%        N/A       1%          3
d - Flame Wave            Conj/Fire      51%        2d13      1%          4
e - Blink                 Tloc           58%        N/A       1%          2
f - Call Imp              Summ           58%        N/A       1%          2
g - Volatile Blastmotes   Fire/Tloc      82%        2d16      1%          3

Your spell library contained the following spells:

 Spells                   Type           Power      Damage    Failure   Level
 Magic Dart               Conj           100%       1d8       1%          1


Dungeon Overview and Level Annotations

Branches:
Dungeon (1/1)

Altars:
Cheibriados
Dithmenos
Elyvilon
Fedhas
Gozag
Hepliaklqana
Kikubaaqudgha
Makhleb
Nemelex Xobeh
Okawaru
Qazlal
Ru
Sif Muna
Trog
Uskayaw
Vehumet
Wu Jian
Xom
Yredelemnul
Zin
The Shining One
Jiyva
Lugonu

Shops:
D !::[====!![:([?

Annotations:
D exclusions: ice statue and oklob plant


Innate Abilities, Weirdness & Mutations

You cannot wear most types of armour.
You are amphibious.
You can wear up to eight rings at the same time.
Your skin changes colour to match your surroundings (Stealth+).
Your rubbery body absorbs attacks. (AC +1, EV +1)
((You are camouflaged when in or above water. (Stealth+)))
You have tentacles for arms and can constrict up to eight enemies at once.


Message History

A crystal guardian comes into view.
A swamp drake comes into view.
Unknown command.
You feel protected.
Unknown command.
Casting: Blink (safe; 1% risk of failure)
Confirm with . or Enter, or press ? or * to list all spells.
Casting: Flame Wave (dangerous; 1% risk of failure)
Press: ? - help, Dir - look around, f - activate A wave of flame ripples out!
The flame wave engulfs the polar bear.
The polar bear is almost dead. (Press . to intensify the flame waves.)
The polar bear bites you. The polar bear barely misses you.
The polar bear claws you.
A death drake comes into view.
A wave of flame ripples out!
The flame wave engulfs the polar bear!!
You kill the polar bear!
Sif Muna accepts your kill.
The flame wave engulfs the swamp drake.
The swamp drake is lightly wounded.
The flame wave engulfs the polar bear!
The polar bear is almost dead.
The death drake moves out of view.
Your Fighting skill increases to level 2!
Your Invocations skill increases to level 3!
Unknown command.
A wave of flame ripples out!
The flame wave engulfs the polar bear!
You kill the polar bear!
Sif Muna accepts your kill.
The flame wave engulfs the swamp drake.
The swamp drake is moderately wounded.
The flame wave engulfs the death drake!
The death drake is lightly wounded.
The flame wave engulfs the yaktaur!
The yaktaur is heavily wounded.
You finish channelling waves of flame.
You feel ready to blink again. The swamp drake completely misses you.
The yaktaur wields a +0 arbalest.
The yaktaur shoots a bolt.
The bolt hits you!!
Ouch! That really hurt!
You die...

++ #}°▓▓▓▓▓▓▓▓▓▓▓ .. ..
.#})▓.....[§§▓▓ .# .
.#}[▓)))...§.▓▓ # .###
+.##k#/)▓...)...[▓▓ # ...#
...####▓.)..)[..▓▓ # ..## #.^#
.#▓.(...(.(▓▓ ###+# #..# +k.#
.#▓..)....[▓▓ .##.## #..# #k.#
c#▓..[.(.[(▓▓ #†.<.+
+..####@†##.#▓.[[..(§.▓▓ .##.##
#....###..c##▓▓▓▓▓▓▓'▓▓▓ ###+#
##...§§.§§§§~~§~~~~~~§..≈ #
###~~.....§#§########'###.≈ #
#~~~~~§§..§#..._._._#~~§##≈ ##
##~§~§~~~~.§#_._._._.#~§≈§##
~##+##~~~§§§~~~~~#._._._._#~~~§§#
~~~~~~~~§~§≈≈≈~~~#_._._._.#~~~§§§
+++#+++#~≈≈§≈≈≈§~#._._._..#~§~§§§


You could see 2 death drakes, a yaktaur and a swamp drake.

Vanquished Creatures
  2 deep trolls (D)
  A hornet (D)
  3 polar bears (D)
  Menkaure (D)
  3 crocodiles (D)
  4 necrophages (D)
  4 tentacles (D)
18 creatures vanquished.

Vanquished Creatures (others)
  A crocodile (D)
  40 foxfires (D)
  69 tentacles (D)
110 creatures vanquished.

Grand Total: 128 creatures vanquished

Notes
Turn   | Place    | Note
-------+----------+-------------------------------------------
     0 | D        | Conn the Octopode Fire Elementalist began the quest for the
                  | Orb.
     0 | D        | Reached XP level 1. HP: 11/11 MP: 3/3
     1 | D        | Noticed a necrophage
     1 | D        | Noticed a necrophage
     1 | D        | Noticed a necrophage
     1 | D        | Noticed a necrophage
     7 | D        | Killed a necrophage
     8 | D        | Reached skill level 1 in Unarmed Combat
     8 | D        | Reached skill level 6 in Fire Magic
     8 | D        | Reached XP level 2. HP: 17/17 MP: 3/6
     8 | D        | Reached XP level 3. HP: 21/21 MP: 4/8
     8 | D        | Reached XP level 4. HP: 27/27 MP: 4/9
    11 | D        | Killed a necrophage
    12 | D        | Reached skill level 7 in Fire Magic
    12 | D        | Reached XP level 5. HP: 31/31 MP: 4/11
    16 | D        | Reached skill level 8 in Fire Magic
    22 | D        | Reached skill level 5 in Spellcasting
    22 | D        | Reached XP level 6. HP: 13/36 MP: 5/14
    29 | D        | Found Zicharr's Book Shop.
    29 | D        | Found Xipiagad's Distillery.
    29 | D        | Found Mymux's Magic Scroll Shop.
    29 | D        | Found Rughonge's Antique Armour Boutique.
    29 | D        | Found Pybeam's Antique Weapon Boutique.
    30 | D        | Found Onucsare's Distillery.
    30 | D        | Found Tixt's Jewellery Shop.
    30 | D        | Found Voulloc's Antique Armour Boutique.
    31 | D        | Found Aladdarph's Jewellery Shop.
    31 | D        | Found Levuvo's Jewellery Boutique.
    33 | D        | Found Jiotul's Jewellery Boutique.
    33 | D        | Found Jelochitt's Antique Armour Shop.
    33 | D        | Noticed Menkaure
    33 | D        | Noticed an oklob plant
    37 | D        | Killed Menkaure
    38 | D        | Reached skill level 5 in Dodging
    38 | D        | Reached skill level 5 in Conjurations
    38 | D        | Reached skill level 9 in Fire Magic
    38 | D        | Found Jeurph's Book Shop.
    38 | D        | Found Leur's Book Shoppe.
    38 | D        | Found Kiattuth's Distillery.
    40 | D        | Noticed a slime creature
    41 | D        | Noticed a slime creature
    43 | D        | Noticed a wyvern
    43 | D        | Noticed a wyvern
    45 | D        | Noticed a wyvern
    51 | D        | Bought a book of Minor Magic for 160 gold pieces
    54 | D        | Learned a level 2 spell: Scorch
    58 | D        | Learned a level 3 spell: Inner Flame
    63 | D        | Learned a level 4 spell: Flame Wave
    66 | D        | Learned a level 2 spell: Blink
    69 | D        | Learned a level 2 spell: Call Imp
    71 | D        | Bought a potion of lignification for 30 gold pieces
    95 | D        | Noticed an ice statue
   104 | D        | Found a glowing golden altar of the Shining One.
   104 | D        | Found an ornate altar of the Wu Jian Council.
   104 | D        | Found a stormy altar of Qazlal.
   105 | D        | Found a shimmering altar of Xom.
   105 | D        | Found a sacrificial altar of Ru.
   106 | D        | Found a basalt altar of Yredelemnul.
   106 | D        | Found a shimmering blue altar of Sif Muna.
   107 | D        | Found a glowing silver altar of Zin.
   107 | D        | Found a bloodstained altar of Trog.
   107 | D        | Found an ancient bone altar of Kikubaaqudgha.
   107 | D        | Found a viscous altar of Jiyva.
   108 | D        | Found a hide-covered altar of Uskayaw.
   108 | D        | Found a corrupted altar of Lugonu.
   108 | D        | Found a shadowy altar of Dithmenos.
   109 | D        | Found a radiant altar of Vehumet.
   109 | D        | Found a burning altar of Makhleb.
   109 | D        | Found a white marble altar of Elyvilon.
   110 | D        | Found a sparkling altar of Nemelex Xobeh.
   110 | D        | Found a blossoming altar of Fedhas.
   112 | D        | Found an iron altar of Okawaru.
   112 | D        | Found an opulent altar of Gozag.
   112 | D        | Found a hazy altar of Hepliaklqana.
   112 | D        | Found a snail-covered altar of Cheibriados.
   117 | D        | Became a worshipper of Sif Muna the Loreminder
   131 | D        | Noticed a kraken
   392 | D        | Learned a level 3 spell: Volatile Blastmotes
   881 | D        | Reached skill level 1 in Hexes
   881 | D        | Reached skill level 1 in Summonings
   881 | D        | Reached skill level 1 in Translocations
   881 | D        | Reached XP level 7. HP: 16/41 MP: 10/16
   883 | D        | Reached * piety under Sif Muna
   978 | D        | Noticed a deep troll
   992 | D        | Noticed a deep troll
   998 | D        | Killed a deep troll
   998 | D        | Killed a deep troll
   999 | D        | Reached skill level 10 in Fire Magic
   999 | D        | Reached XP level 8. HP: 46/46 MP: 0/19
  1197 | D        | Noticed a polar bear
  1199 | D        | Noticed a hornet
  1201 | D        | Noticed a polar bear
  1221 | D        | Killed a hornet
  1221 | D        | Reached ** piety under Sif Muna
  1222 | D        | Reached skill level 1 in Fighting
  1222 | D        | Reached skill level 5 in Hexes
  1222 | D        | Reached skill level 1 in Invocations
  1222 | D        | Reached XP level 9. HP: 16/53 MP: 9/20
  1421 | D        | Killed a polar bear
  1422 | D        | Reached skill level 5 in Summonings
  1422 | D        | Reached skill level 5 in Translocations
  1494 | D        | Noticed a yaktaur
  1494 | D        | Noticed a polar bear
  1499 | D        | Noticed a death drake
  1499 | D        | Noticed a crystal guardian
  1502 | D        | Noticed a death drake
  1502 | D        | Killed a polar bear
  1503 | D        | Killed a polar bear
  1503 | D        | Shot with a bolt by a yaktaur

Illustrated notes

Levels and vault maps discovered:
D:        the_violet_keep_of_menkaure [sprint2_stairs_cluster_1,
          sprint2_shoproom, sprint2_temple, sprint2_basic_supplies,
          sprint2_obstacle_2, sprint2_obstacle_5, sprint2_obstacle_6,
          sprint2_obstacle_4, sprint2_obstacle_3, sprint2_timed_cluster_1,
          sprint2_smallroom_cluster_1, sprint2_smallroom_final_cluster_1,
          sprint2_transparent_cluster_1, sprint2_second_timed_cluster_1,
          sprint2_sniper_area_1, sprint2_heavy_combat_area_1,
          sprint2_mutation_trap_area_1, sprint2_forest_area_1,
          sprint2_light_combat_area_1, sprint2_behind_water_1,
          sprint2_near_end_vault_1]

Skill      XL: |  1  2  3  4  5  6  7  8  9 |
---------------+----------------------------+-----
Dodging        | 3 4 5 7 |  7.7
Stealth        | 4 6 |  6.0
Unarmed Combat | 1 |  1.3
Spellcasting   | 3 4 5 6 7 8 |  8.1
Fire Magic     | 6 7 8 9 10 | 10.6
Conjurations   | 2 4 6 9 |  9.7
Hexes          | 1 4 5 |  5.0
Summonings     | 1 4 5 |  5.0
Translocations | 1 4 5 |  5.0
Fighting       | 1 2 |  2.3
Invocations    | 1 3 |  3.5

Action                     |  1- 3 |  4- 6 |  7- 9 || total
---------------------------+-------+-------+-------++-------
  Melee: Unarmed           |     5 |    14 |       ||    19
         Tentacles         |     1 |     5 |       ||     6
         Constrict         |     1 |     3 |       ||     4
         Staff             |       |     1 |       ||     1
   Cast: Foxfire           |       |    14 |    14 ||    28
         Inner Flame       |       |    11 |     7 ||    18
         Call Imp          |       |     8 |     1 ||     9
         Scorch            |       |     6 |     7 ||    13
         Volatile Blastmot |       |     3 |     3 ||     6
         Flame Wave        |       |     1 |     3 ||     4
         Blink             |       |       |     2 ||     2
    Use: Potion            |     1 |     3 |     4 ||     8
         Scroll            |       |     5 |       ||     5
 Armour: Skin              |       |    11 |    22 ||    33
  Dodge: Dodged            |     2 |     8 |    16 ||    26

Table legend: (Time is in decaauts)
 A = Elapsed time spent in this place.
 B = Non-inter-level travel time spent in this place.
 C = Inter-level travel time spent in this place.
 D = Time resting spent in this place.
 E = Time spent auto-exploring this place.
 F = Levels seen in this place.
 G = Mean time per level.
                   A        B        C        D        E       F      G
               +--------+--------+--------+--------+--------+-----+--------+
         Total |   1491 |   1491 |      0 |    809 |      0 |   1 | 1491.0 |
       Dungeon |   1491 |   1491 |      0 |    809 |      0 |   1 | 1491.0 |
               +--------+--------+--------+--------+--------+-----+--------+

Top non-repeatable levels by time:
       D: 1491 daAuts
